AoeStats
← unavezmasak

Arena

510209233Analyzed
1v1 RM · 1d ago on Sep 30, 2026· 42m 53s· 2 players
Game mode
Random Map
Map size
Tiny (2 player)
Population
200
Speed
Normal
Resources
Standard
Victory
Conquest
Starting age
Dark Age
Ending age
Imperial Age
RankedLock teamsTeams togetherTeam positionsShared explorationLock speedFull tech treeHidden civsTurbo modeCheats
Victory
Defeat
🇦🇷 Celts · Argentina
817
+13
🇵🇪 Tatars · Peru
760
-13
unavezmasak
9:26 Feudal Age
10:01 Double-Bit Axe
17:49 Castle Age
18:07 Forging
18:57 Bow Saw
20:20 Pikeman
25:22 Wheelbarrow
27:30 Loom
35:43 Imperial Age
33:32 Gold Mining
33:34 Stone Mining
36:23 Gold Shaft Mining
36:15 Capped Ram
37:47 Furor Celtica
39:16 Hand Cart
39:10 Horse Collar
39:51 Halberdier
TU LAG ES MI PROGRESO
2:57 Loom
11:34 Feudal Age
17:00 Castle Age
20:59 Horse Collar
23:20 Double-Bit Axe
24:33 Silk Armor
25:05 Stone Mining
25:24 Town Watch
29:45 Scale Barding Armor
37:47 Heavy Plow
41:52 Wheelbarrow
43:23 Hand Cart
Connection lost

Rejoining the realm…

Still unreachable

The connection could not be restored.

Session expired

The server has moved on; the page needs a fresh start.